 Dungeon Crawl Stone Soup version 0.18-a0-867-gfd1cc8f (webtiles) character file.

1405 pk666 the Fighter (level 8, 0/79 HPs)
             Began as a Minotaur Berserker on Dec 21, 2015.
             Was an Elder of Trog.
             Slain by an unseen horror (5 damage)
             ... on level 6 of the Dungeon.
             The game lasted 00:12:48 (5594 turns).

pk666 the Fighter (Minotaur Berserker)              Turns: 5594, Time: 00:12:49

Health: 0/79       AC:  7    Str: 25    XL:     8   Next: 42%
Magic:  7/7        EV: 10    Int:  4    God:    Trog [****..]
Gold:   289        SH:  0    Dex:  9    Spells: 0 memorised, 7 levels left

rFire  . . .     SeeInvis .     y - +0 war axe
rCold  . . .     Gourm    .     a - +0 scale mail
rNeg   . . .     Faith    .     (no shield)
rPois  .         Spirit   .     (helmet restricted)
rElec  .         Dismiss  .     x - +0 cloak
rCorr  .         Reflect  .     (no gloves)
SustAt .         Harm     .     (no boots)
MR     .....                    (no amulet)
Stlth  ..........               (no ring)
                                (no ring)

@: not resistant to hostile enchantments, extremely unstealthy
A: retaliatory headbutt, horns 2
a: Berserk, Trog's Hand, Brothers in Arms, Burn Spellbooks, Renounce Religion


You were on level 6 of the Dungeon.
You worshipped Trog.
Trog was greatly pleased with you.
You were not hungry.

You visited 2 branches of the dungeon, and saw 7 of its levels.

You collected 319 gold pieces.
You spent 30 gold pieces at shops.

Inventory:

Hand Weapons
 y - a +0 war axe (weapon)
Armour
 a - a +0 scale mail (worn)
 x - a +0 cloak (worn)
Scrolls
 b - 2 scrolls of amnesia {unknown}
 d - a scroll of enchant armour {unknown}
 g - a scroll of noise {unknown}
 i - 5 scrolls of teleportation
 j - 4 scrolls of identify
 l - 2 scrolls of magic mapping {unknown}
 o - 2 scrolls of remove curse
 q - 2 scrolls of fog
 s - 2 scrolls of recharging {unknown}
Potions
 e - a potion of heal wounds
 f - a potion of resistance {unknown}
 h - a potion of cure mutation {unknown}
 k - a potion of haste {unknown}
 m - a potion of curing {unknown}
 p - 2 potions of brilliance {unknown}
 r - a potion of beneficial mutation {unknown}
 u - a potion of poison {unknown}
 w - a potion of might {unknown}
 A - a potion of lignification {unknown}
 B - a potion of ambrosia {unknown}
 C - 2 potions of flight {unknown}
 D - a potion of berserk rage {unknown}
 E - a potion of agility {unknown}
Comestibles
 c - 5 bread rations
 n - 2 beef jerkies
 t - 2 slices of pizza
 v - 5 meat rations
 z - 4 fruits
 F - a chunk of flesh


   Skills:
 + Level 9.8 Fighting
 + Level 9.3 Axes
 - Level 2.4 Armour
 - Level 2.1 Dodging


You had 7 spell levels left.
You didn't know any spells.

Dungeon Overview and Level Annotations

Branches:
Dungeon (6/15)             Temple (1/1) D:5

Altars:
Ashenzari
Cheibriados
Dithmenos
Kikubaaqudgha
Makhleb
Nemelex Xobeh
Qazlal
Ru
Sif Muna
Trog
Vehumet
Xom
Zin

Shops:
D:6 *


Innate Abilities, Weirdness & Mutations

You reflexively headbutt those who attack you in melee.
You have a pair of horns on your head.


Message History

Something hits you but does no damage. Something hits you but does no damage.
Something hits you but does no damage. Something hits you.
* * * LOW HITPOINT WARNING * * *
Drink which item? (? for menu, Esc to quit)
You feel much better. Something hits you!
* * * LOW HITPOINT WARNING * * *
Something hits you but does no damage.
Something hits you but does no damage. x2
Something hits you but does no damage.
You see here 10 gold pieces.
Something hits you.
* * * LOW HITPOINT WARNING * * *
Something hits you.
* * * LOW HITPOINT WARNING * * *
Something hits you.
* * * LOW HITPOINT WARNING * * *
You see here an arrow.
Something hits you.
You die...

...................>#
#.....##########.##.#
#.....######## #.##.#
#.....#....... #.##.#
####.##....... #.##.#
.##....... #.##.# ..
.##....... #.##.# ..
#.......##.##.# ..
#.......)(@...#
#........#.########
#....##.#.........
#.%...)$##########
#....##........ #
..... #.####### #
.... #.# # ... #.# #
.. #.#


There were no monsters in sight!

Vanquished Creatures
  The ghost of chonchonts the Skirmisher, an amateur MiFi (D:4)
  A phantom (D:5)
  An ice beast (D:5)
  An ogre (D:6)
  A centaur (D:6)
  A giant frog (D:6)
  A wyvern zombie (D:6)
  A water moccasin skeleton (D:5)
  2 vampire bats (D:6)
  A crimson imp (D:5)
  A hound (D:4)
  A jelly (D:5)
  A giant frog skeleton (D:6)
  3 orc priests
  3 orc wizards
  2 iguanas
  2 worker ants (D:4)
  A worker ant zombie (D:6)
  9 adders
  6 gnolls
  A white imp (D:5)
  2 oozes
  An adder zombie (D:6)
  5 worms
  3 giant geckos
  21 orcs
  3 bats
  2 bat skeletons (D:6)
  4 bat zombies (D:6)
  10 giant cockroaches
  7 goblins
  4 hobgoblins
  5 jackals
  6 kobolds
  2 quokkas
  3 giant newts
  A quokka skeleton (D:6)
  9 rats
129 creatures vanquished.

Notes
Turn   | Place    | Note
--------------------------------------------------------------
     0 | D:1      | pk666 the Minotaur Berserker began the quest for the Orb.
     0 | D:1      | Reached XP level 1. HP: 19/19 MP: 0/0
    59 | D:1      | Reached skill level 4 in Fighting
   259 | D:1      | Reached XP level 2. HP: 25/27 MP: 1/1
   786 | D:2      | Found a faded altar to an unknown god.
   846 | D:2      | Reached XP level 3. HP: 34/34 MP: 2/2
   873 | D:2      | Reached ** piety under Trog
   919 | D:1      | Reached skill level 5 in Fighting
  1084 | D:2      | Reached XP level 4. HP: 42/42 MP: 3/3
  1319 | D:2      | Noticed a blizzard demon
  1374 | D:2      | Found a burning altar of Makhleb.
  1379 | D:2      | Found a glowing silver altar of Zin.
  1379 | D:2      | Noticed an angel
  1432 | D:2      | Reached skill level 5 in Axes
  1760 | D:3      | Found a shadowy altar of Dithmenos.
  1795 | D:3      | Reached XP level 5. HP: 28/50 MP: 4/4
  2325 | D:3      | Reached skill level 6 in Fighting
  2334 | D:3      | Reached *** piety under Trog
  2823 | D:4      | Reached XP level 6. HP: 52/58 MP: 5/5
  2841 | D:4      | HP: 2/87 [iguana (6)]
  2848 | D:4      | HP: 1/87 [poisoned by a worker ant]
  2853 | D:4      | HP: 1/58 [poisoned by a worker ant]
  3326 | D:4      | Reached skill level 7 in Fighting
  3350 | D:4      | Found a sacrificial altar of Ru.
  3616 | D:4      | Noticed chonchonts's ghost (amateur MiFi)
  3785 | D:4      | Killed chonchonts's ghost
  3785 | D:4      | Reached XP level 7. HP: 14/67 MP: 6/6
  4588 | D:4      | Reached **** piety under Trog
  4608 | D:5      | Entered Level 5 of the Dungeon
  4608 | D:5      | Found a staircase to the Ecumenical Temple.
  4668 | D:5      | Reached skill level 8 in Fighting
  4713 | Temple   | Entered the Ecumenical Temple
  5123 | D:5      | Received a gift from Trog
  5171 | D:5      | Reached XP level 8. HP: 71/77 MP: 7/7
  5228 | D:5      | Reached skill level 9 in Fighting
  5332 | D:6      | Found an ancient bone altar of Kikubaaqudgha.
  5389 | D:6      | Found Fixem's General Store.
  5396 | D:6      | Bought a scroll of fog for 30 gold pieces
  5594 | D:6      | Slain by an unseen horror

Vault maps used:
D:1:      scummos_arrival_forest
D:2:      grunt_temple_overflow_order_and_chaos_2, ecumenical_altar_1
D:3:      nicolae_overflow_crystal_walls, first_bread
D:4:      nicolae_ru_sacrificial_ziggurat, serial_bayou, serial_bayou_crossing,
          serial_bayou_pond_b, serial_bayou_pond_d, serial_bayou_pond_b
D:5:      minmay_temple_entry_glass, minmay_fire_ice_demons
D:6:      old_standard_altar, kennysheep_vampire_church, serial_shops,
          nicolae_shop_stone, nemelex_dance_club_becter
Temple:   jpeg_temple_alley_garden_8

Action                   |  1- 3 |  4- 6 |  7- 9 || total
-------------------------+-------+-------+-------++-------
Melee: Hand axe          |    67 |    65 |       ||   132
       War axe           |       |    92 |   107 ||   199
Invok: Berserk           |       |     2 |       ||     2
  Use: Scroll            |       |     2 |       ||     2
       Potion            |       |     1 |     1 ||     2
  Eat: Chunk             |     1 |     4 |     6 ||    11
       Bread ration      |       |     1 |     1 ||     2
